 Dungeon Crawl Stone Soup version 0.26-a0-1191-ge2a0e31ab3 (webtiles) character file.

Game seed: 7164620935583321462

3912 dickylongcocking the Slasher (level 10, -4/40 HPs)
             Began as a Vine Stalker Chaos Knight on Dec 29, 2020.
             Was a Follower of Ashenzari.
             Slain by a komodo dragon (23 damage)
             ... on level 9 of the Dungeon.
             The game lasted 00:12:26 (9866 turns).

dickylongcocking the Slasher (VSCK)                 Turns: 9866, Time: 00:12:26

Health: -4/40      AC: 17    Str: 16    XL:     10   Next: 20%
Magic:  0/11       EV: 10    Int: 13    God:    Ashenzari [*.....]
Gold:   429        SH: 15    Dex: 17    Spells: 9/9 levels left

rFire    + + .     SeeInvis .   t - +3 Elemental Staff {rElec rF++ rC++ Will++ AC+5} (curse)
rCold    + + +     Faith    .   m - +0 kite shield (curse)
rNeg     . . .     Spirit   +   b - +2 leather armour
rPois    .         Reflect  +   o - +2 hat
rElec    +         Harm     .   e - +0 cloak
rCorr    .         Rampage  .   n - +0 pair of gloves
Will     ++++.                  z - +1 pair of boots
Stlth    ++........             r - amulet of reflection
HPRegen  0.53/turn              l - ring of protection from cold
MPRegen  0.12/turn              (no ring)

@: no status effects
A: fangs 3, agile 1, blink, frail 2, strong-willed 1, regeneration 1, magic
shield, antimagic bite, no potion heal 3
a: Blink, Renounce Religion, Curse Item, Scrying


You were on level 9 of the Dungeon.
You worshipped Ashenzari.
Ashenzari was aware of your devotion.
You visited 2 branches of the dungeon, and saw 11 of its levels.

You collected 553 gold pieces.
You spent 90 gold pieces at shops.
You donated 34 gold pieces to Zin.

Inventory:

Hand Weapons
 a - a +1 falchion of chaos
 d - a +0 dagger of freezing
 f - a +1 scimitar
 j - a -3 hunting sling
 t - the cursed +3 Elemental Staff (weapon) {rElec rF++ rC++ Will++ AC+5}
   (You found it on level 8 of the Dungeon)

   It affects your AC (+5).
   It greatly protects you from fire.
   It greatly protects you from cold.
   It insulates you from electricity.
   It affects your willpower, your defense against some magical effects.
   It has a curse placed upon it.
Armour
 b - a +2 leather armour (worn)
 e - a +0 cloak (worn)
 m - a cursed +0 kite shield (worn)
 n - a +0 pair of gloves (worn)
 o - a +2 hat (worn)
 p - a +0 ring mail
 v - a +0 ring mail
 z - a +1 pair of boots (worn)
 G - the +0 scale mail "Vaeced" {Harm Stlth+}
   (You found it on level 7 of the Dungeon)

   It increases damage dealt and taken.
   It makes you more stealthy.
Jewellery
 l - a ring of protection from cold (left hand)
 r - an amulet of reflection (around neck)
 E - an uncursed ring of fire
 I - a cursed ring of attention
Wands
 y - a wand of iceblast (5)
 D - a wand of paralysis (4)
 J - a wand of polymorph (14)
 K - a wand of random effects (16)
Scrolls
 c - 3 scrolls of remove curse
 g - 2 scrolls of amnesia
 h - a scroll of noise
 k - 3 scrolls of teleportation
 s - a scroll of fog
 x - 3 scrolls of magic mapping
 B - a scroll of enchant armour
 C - 3 scrolls of identify
Potions
 i - 3 potions of attraction
 q - 2 potions of brilliance
 u - 7 potions of flight
 w - 2 potions of curing
 A - a potion of magic {unknown}
 F - a potion of resistance {unknown}
 H - 2 potions of haste {unknown}
 L - 3 potions of lignification {unknown}
 M - 2 potions of degeneration {unknown}


   Skills:
 - Level 5.5 Fighting
 - Level 6.5 Long Blades
 * Level 6.4 Staves
 - Level 4.1 Armour
 - Level 2.2 Dodging
 - Level 3.4 Stealth
 * Level 5.4 Shields
 * Level 2.8 Evocations


You had 9 spell levels left.
You didn't know any spells.
Your spell library was empty.

Dungeon Overview and Level Annotations

Branches:
Dungeon (10/15)            Temple (1/1) D:4             Orc (0/2) D:10
   Lair: D:8-11

Altars:
Ashenzari
Cheibriados
Dithmenos
Elyvilon
Fedhas
Gozag
Hepliaklqana
Kikubaaqudgha
Makhleb
Nemelex Xobeh
Okawaru
Qazlal
Ru
Sif Muna
Trog
Uskayaw
Vehumet
Wu Jian
Xom
Yredelemnul
Zin
The Shining One

Shops:
D:4 }


Innate Abilities, Weirdness & Mutations

You have razor-sharp teeth.
Your natural rate of healing is unusually fast.
When hurt, damage is shared between your health and your magic reserves.
Your bite disrupts and absorbs the magic of your enemies.
Potions cannot restore your health.
You are agile. (Dex +2)
You can translocate small distances at will.
You are very frail. (-20% HP)
You are strong-willed. (Will+)


Message History

Okay, then.
Items here: ))))))) [[[[ ††††††.
Okay, then.
Your system rejects the healing.
You feel better. The komodo dragon bites you!
* * * LOW HITPOINT WARNING * * *
Unknown command.
Things that are here:
a +0 short sword; an orc corpse
Okay, then.
There is an open door here.
There is an open door here.
There is a stone staircase leading up here.
You block the komodo dragon's attack.
You climb upwards.
There is a stone staircase leading down here.
Unknown command.
The komodo dragon bites you!!
Ouch! That really hurt!
You die...
Xom bursts into laughter!

#####
######...#########
..............[l>#
.....#.....###.#@#####
..###....#.# #.#[.[..#
..###...##.# #.#####.#
....#.#.##.# #.# #.#
..#.#..<...# #.#####.##
.........### #.#......#
.##.##...## #.#......#
..........# ##.#..##..#
###.##..#.###..)......#


You could see a komodo dragon.

Vanquished Creatures
  Grinder (D:3)
  Prince Ribbit (D:8)
  Sigmund (D:4)
  A vampire (D:7)
  A steam dragon (D:9)
  Menkaure (D:6)
  2 phantoms
  An ice beast (D:5)
  An orc warrior (D:10)
  2 sky beasts
  3 ogres
  5 centaurs
  A big kobold (D:9)
  2 bullfrogs
  2 scorpions
  5 killer bees (D:8)
  5 wights
  A quasit (D:9)
  2 hounds
  Crazy Yiuf (D:4)
  4 orc priests
  Natasha (thrice) (D:2)
  5 iguanas
  9 orc wizards
  A statue (D:4)
  3 worker ants
  A hound zombie (D:6)
  A hound skeleton (D:5)
  2 worker ant zombies
  10 adders
  A gnoll (D:8)
  A howler monkey zombie (D:5)
  2 shadow imps
  2 white imps
  An ufetubus (D:6)
  An adder skeleton (D:4)
  A worm (D:2)
  2 dart slugs (D:1)
  7 leopard geckos
  30 orcs
  8 bats
  A giant cockroach (D:1)
  6 goblins
  3 hobgoblins (D:3)
  13 jackals
  11 kobolds
  4 quokkas
  2 ball pythons
  6 frilled lizards
  A jackal skeleton (D:6)
  A jackal zombie (D:5)
  A quokka skeleton (D:4)
  7 rats
190 creatures vanquished.

Vanquished Creatures (collateral kills)
  An orc wizard (D:3)
1 creature vanquished.

Vanquished Creatures (others)
  An ogre (D:9)
  A centaur (D:9)
  2 orcs (D:9)
  A jackal (D:9)
5 creatures vanquished.

Grand Total: 196 creatures vanquished

Notes
Turn   | Place    | Note
-------+----------+-------------------------------------------
     0 | D:1      | dickylongcocking the Vine Stalker Chaos Knight began the
                  | quest for the Orb.
     0 | D:1      | Reached XP level 1. HP: 11/11 MP: 2/2
    60 | D:1      | Reached XP level 2. HP: 2/16 MP: 0/3
    61 | D:1      | Reached skill level 1 in Dodging
   383 | D:1      | XOM: noise
   605 | D:1      | Reached XP level 3. HP: 20/20 MP: 4/4
   736 | D:1      | XOM: noise
  1207 | D:2      | XOM: cloud trail
  1379 | D:2      | XOM: 2-stop teleportation journey
  1380 | D:2      | Noticed Natasha
  1383 | D:2      | XOM: cast spell 'Leda's Liquefaction'
  1385 | D:2      | XOM: noise
  1386 | D:2      | Killed Natasha
  1387 | D:2      | Gained mutation: Your natural rate of healing is unusually
                  | fast. [Vine Stalker growth]
  1387 | D:2      | Reached XP level 4. HP: 15/24 MP: 3/5
  1394 | D:2      | XOM: enchant monster (good)
  1553 | D:2      | XOM: 8-stop teleportation journey
  1592 | D:2      | XOM: 2-stop teleportation journey
  1592 | D:2      | Noticed Natasha
  1598 | D:2      | Killed Natasha
  1599 | D:2      | Reached XP level 5. HP: 23/28 MP: 3/6
  1661 | D:2      | XOM: 5-stop teleportation journey
  1867 | D:2      | Noticed Natasha
  1874 | D:2      | XOM: smoke on damage
  1876 | D:2      | Killed Natasha
  1877 | D:2      | Reached skill level 1 in Stealth
  2239 | D:3      | XOM: god gift: 15 gold pieces
  2245 | D:3      | XOM: give mutations
  2245 | D:3      | Gained mutation: You are weak. (Str -2) [Xom's mischief]
  2245 | D:3      | Gained mutation: You are dopey. (Int -2) [Xom's mischief]
  2275 | D:3      | XOM: 6-stop teleportation journey
  2418 | D:3      | Noticed Grinder
  2423 | D:3      | XOM: summons friendly iron imp
  2430 | D:3      | Killed Grinder
  2431 | D:3      | Reached skill level 1 in Shields
  2431 | D:3      | Reached XP level 6. HP: 33/33 MP: 7/7
  2544 | D:3      | XOM: cloud trail
  2603 | D:3      | Found a burning altar of Makhleb.
  2642 | D:3      | Lost mutation: You are weak. (Str -2) [potion of mutation]
  2642 | D:3      | Lost mutation: You are dopey. (Int -2) [potion of mutation]
  2642 | D:3      | Gained mutation: You can translocate small distances at
                  | will. [potion of mutation]
  2642 | D:3      | Gained mutation: You are agile. (Dex +2) [potion of
                  | mutation]
  2643 | D:3      | HP: 1/33 [something/nerve-wracking pain (7)]
  2649 | D:3      | Reached skill level 5 in Long Blades
  2649 | D:3      | Reached XP level 7. HP: 2/37 MP: 1/8
  2820 | D:3      | You fall into a shaft and drop 1 floor!
  2820 | D:4      | XOM: noise
  2825 | D:4      | Noticed Sigmund
  2833 | D:4      | Killed Sigmund
  2915 | D:4      | XOM: silly message
  2964 | D:4      | Found a staircase to the Ecumenical Temple.
  3496 | D:4      | Found a runed translucent door.
  3497 | D:4      | Noticed Crazy Yiuf
  3539 | D:4      | Found Iraeb's Gadget Boutique.
  3742 | D:4      | Found Zin's Purification Station.
  3762 | D:4      | XOM: god gift: 60 gold pieces
  3794 | D:4      | Found a glowing silver altar of Zin.
  3799 | D:4      | Bought a potion of curing for 90 gold pieces
  4034 | D:4      | XOM: scenery: create altars
  4148 | D:4      | Found a radiant altar of Vehumet.
  4243 | D:4      | Killed Crazy Yiuf
  4285 | D:5      | Entered Level 5 of the Dungeon
  4297 | D:5      | XOM: polymorph adder -> ball python
  4326 | D:5      | Gained mutation: You have razor-sharp teeth. [Vine Stalker
                  | growth]
  4326 | D:5      | Reached XP level 8. HP: 38/42 MP: 7/9
  4364 | D:5      | Found Mogaa's Jewellery Boutique.
  4609 | D:5      | Found a sparkling altar of Nemelex Xobeh.
  4610 | D:5      | Found an ornate altar of the Wu Jian Council.
  4611 | D:5      | Found an opulent altar of Gozag.
  4779 | D:6      | XOM: 3-stop teleportation journey
  4782 | D:6      | Noticed Menkaure
  4789 | D:6      | Killed Menkaure
  4838 | D:6      | You fall into a shaft and drop 2 floors!
  4838 | D:8      | XOM: stealth player
  4841 | D:8      | Noticed Prince Ribbit
  4854 | D:8      | Killed Prince Ribbit
  4960 | D:8      | Found the +3 Elemental Staff {rElec rF++ rC++ Will++ AC+5}
  4990 | D:8      | Noticed a two-headed ogre
  5224 | D:7      | Reached skill level 1 in Staves
  5224 | D:7      | Reached XP level 9. HP: 46/46 MP: 10/10
  5481 | D:6      | XOM: enchant monster (bad)
  5515 | D:6      | Reached skill level 5 in Fighting
  5663 | Temple   | Entered the Ecumenical Temple
  5671 | Temple   | XOM: cloud trail
  5765 | D:4      | Fell from the grace of Xom
  5765 | D:4      | Became a worshipper of Zin the Law-Giver
  5765 | D:4      | Reached * piety under Zin
  6381 | D:7      | XOM: summons 11 hostile demons
  6493 | D:7      | Got a jacinth-encrusted scale mail
  6503 | D:7      | Identified the cursed +0 scale mail "Vaeced" {Harm Stlth+}
                  | (You found it on level 7 of the Dungeon)
  6674 | D:7      | Found a hide-covered altar of Uskayaw.
  6693 | D:7      | Reached ** piety under Zin
  7511 | D:8      | XOM: blink monster(s)
  7905 | D:8      | Found a shadowy altar of Dithmenos.
  7905 | D:8      | Found an ancient bone altar of Kikubaaqudgha.
  8080 | D:8      | Reached skill level 5 in Staves
  8129 | D:8      | XOM: divination: magic mapping
  8324 | Temple   | Fell from the grace of Zin
  8324 | Temple   | Became a worshipper of Ashenzari the Shackled
  8878 | D:8      | XOM: give mutations
  8878 | D:8      | Gained mutation: You are strong-willed. (Will+) [Xom's
                  | mischief]
  8878 | D:8      | Gained mutation: You are frail. (-10% HP) [Xom's mischief]
  8878 | D:8      | Gained mutation: You are very frail. (-20% HP) [Xom's
                  | mischief]
  8887 | D:8      | Reached skill level 1 in Evocations
  9006 | D:9      | Found a shimmering altar of Xom.
  9072 | D:9      | Reached XP level 10. HP: 40/40 MP: 11/11
  9163 | D:9      | Reached skill level 5 in Shields
  9284 | D:9      | XOM: draining
  9403 | D:10     | Entered Level 10 of the Dungeon
  9652 | D:10     | Identified the +10 trident of Stickiness {holy, *Contam
                  | rElec rPois rN+++}
  9762 | D:10     | Reached * piety under Ashenzari
  9786 | D:10     | Found a staircase to the Orcish Mines.
  9866 | D:9      | Slain by a komodo dragon

Illustrated notes

Levels and vault maps discovered:
D:1:      denvon_arrival_planthouse, layout_basic, serial_bayou_pond_e,
          minmay_pentomino_s2
D:2:      layout_basic, uniq_natasha
D:3:      layout_basic, lemuel_round_altar, uniq_grinder
D:4:      layout_cave_pools, zin_purify, vehumet_statue,
          minmay_temple_entry_nine_rooms, serial_shops, shop,
          serial_co_window_serial, co_window_of_opportunity_a,
          co_window_paths_b, co_window_paths_a, co_window_paths_a,
          co_window_corner_a, co_window_cross_3, co_window_paths_c,
          co_window_2corner, co_window_broadway_b, co_window_corner_cb,
          co_window_of_opportunity_c, co_window_paths_d, glass_columns_b,
          glass_columns_a, glass_columns_b, glass_columns_b, glass_columns_b,
          uniq_sigmund, uniq_crazy_yiuf_cottage
D:5:      layout_layer_cave, chequers_temple_overflow_statue_of_worship,
          serial_shops, shop
D:6:      layout_rooms, uniq_menkaure
D:7:      layout_layer_cave, eat_drink_and_be_merry_uskayaw
D:8:      layout_basic, amethyst_overflow_temple_binary, uniq_prince_ribbit1
D:9:      layout_basic, xom_confusion_cloud
D:10:     layout_roguey, erik_orc_1
Temple:   chequers_temple_sunken

Skill      XL: |  1  2  3  4  5  6  7  8  9 10 |
---------------+-------------------------------+-----
Fighting       | 3 4 5 |  5.5
Dodging        | 1 2 |  2.2
Long Blades    | 3 4 5 6 |  6.5
Armour         | 2 3 4 |  4.1
Stealth        | 1 3 |  3.4
Shields        | 1 2 4 5 |  5.4
Staves         | 1 5 6 |  6.4
Evocations     | 1 2 |  2.8

Action                   |  1- 3 |  4- 6 |  7- 9 | 10-12 || total
-------------------------+-------+-------+-------+-------++-------
Melee: Falchion          |    51 |   112 |   124 |       ||   287
       Bite              |    11 |    27 |   145 |    38 ||   221
       Staff             |       |       |   340 |   105 ||   445
Invok: Curse Item        |       |       |     1 |     1 ||     2
       Vitalisation      |       |       |     1 |       ||     1
Evoke: Wand              |       |       |     2 |     2 ||     4
  Use: Scroll            |     2 |     4 |    14 |       ||    20
       Potion            |       |     5 |     3 |     1 ||     9
 Stab: Paralysed         |       |     1 |       |       ||     1
       Petrified         |       |       |     4 |       ||     4
       Petrifying        |       |       |     1 |       ||     1
       Sleeping          |       |       |     3 |     2 ||     5
       Distracted        |       |       |     1 |       ||     1
Armor: Leather armour    |    20 |     7 |    86 |    22 ||   135
       Ring mail         |       |    35 |    77 |       ||   112
Dodge: Dodged            |    34 |    39 |   184 |    20 ||   277
Block: Kite shield       |       |    75 |   440 |    60 ||   575
       Reflection        |       |     1 |    15 |       ||    16
       Rpst.: Falchion   |    10 |    15 |     9 |       ||    34

Table legend: (Time is in decaauts)
 A = Elapsed time spent in this place.
 B = Non-inter-level travel time spent in this place.
 C = Inter-level travel time spent in this place.
 D = Time resting spent in this place.
 E = Time spent auto-exploring this place.
 F = Levels seen in this place.
 G = Mean time per level.
                   A        B        C        D        E       F      G
               +--------+--------+--------+--------+--------+-----+--------+
         Total |  10007 |   8975 |   1032 |    399 |   6680 |  11 |  909.7 |
       Dungeon |   9736 |   8761 |    975 |    399 |   6518 |  10 |  973.6 |
        Temple |    271 |    215 |     56 |      0 |    162 |   1 |  271.0 |
               +--------+--------+--------+--------+--------+-----+--------+

Top non-repeatable levels by time:
     D:8: 1591 daAuts
     D:7: 1403 daAuts
     D:4: 1326 daAuts
     D:1: 1207 daAuts
     D:2: 1027 daAuts
     D:3: 963 daAuts
     D:9: 629 daAuts
     D:6: 572 daAuts
     D:5: 554 daAuts
    D:10: 458 daAuts
  Temple: 271 daAuts
